 Dungeon Sprint DCSS version 0.26-b1-32-g5d43845318 (webtiles) character file.

Game seed: 3509629299362227096

7000000 theswoord the Blood Saint (level 27, -38/266 HPs)
             Began as a Demonspawn Gladiator on Jan 11, 2021.
             Was the Champion of Makhleb.
             Annihilated by The Servant
             ... wielding a +9 glaive of flaming
              (108 damage)
             ... in the Dungeon (Sprint VIII: "Arena of Blood").
             The game lasted 00:10:36 (70 turns).

theswoord the Blood Saint (Demonspawn Gladiator)      Turns: 70, Time: 00:10:36

Health: -38/266    AC:  9    Str: 17    XL:     27
Magic:  0/54       EV: 37    Int: 10    God:    Makhleb [******]
Gold:   0          SH:  0    Dex: 25    Spells: 80/80 levels left

rFire    . . .     SeeInvis +   j - +∞ Axe of Woe
rCold    . . .     Faith    .   (shield currently unavailable)
rNeg     + . .     Spirit   +   a - +0 leather armour
rPois    .         Reflect  .   (helmet unavailable)
rElec    .         Harm     .   (no cloak)
rCorr    .         Rampage  .   (no gloves)
Will     ++...     NoTele   +   (no boots)
Stlth    ++++++++++             (no amulet)
HPRegen  0.54/turn              (no ring)
MPRegen  0.68/turn              (no ring)

@: no status effects
A: antennae 3, rugged brown scales 3, demonic guardian 3, negative energy
resistance 1, 50% torment resistance, magic shield, magic regeneration, magic
link, black mark
a: Renounce Religion, Minor Destruction, Lesser Servant of Makhleb, Major
Destruction, Greater Servant of Makhleb


You were in the Dungeon.
You worshipped Makhleb.
Makhleb was exalted by your worship.
You visited 1 branch

Inventory:

Hand Weapons
 j - the +∞ Axe of Woe (weapon)
   (You found it in the Dungeon)
Missiles
 c - 3 throwing nets (quivered)
Armour
 a - a +0 leather armour (worn)
 b - a +0 helmet
Potions
 d - a potion of curing
 f - a potion of haste
 g - 2 potions of magic
 h - a potion of berserk rage


   Skills:
 O Level 27 Fighting
 O Level 27 Short Blades
 O Level 27 Long Blades
 O Level 27 Axes
 O Level 27 Maces & Flails
 O Level 27 Polearms
 O Level 27 Staves
 O Level 27 Slings
 O Level 27 Bows
 O Level 27 Crossbows
 O Level 27 Throwing
 O Level 27 Armour
 O Level 27 Dodging
 O Level 27 Stealth
 O Level 27 Shields
 O Level 27 Unarmed Combat
 O Level 27 Spellcasting
 O Level 27 Conjurations
 O Level 27 Hexes
 O Level 27 Summonings
 O Level 27 Necromancy
 O Level 27 Translocations
 O Level 27 Transmutations
 O Level 27 Fire Magic
 O Level 27 Ice Magic
 O Level 27 Air Magic
 O Level 27 Earth Magic
 O Level 27 Poison Magic
 O Level 27 Invocations
 O Level 27 Evocations


You had 80 spell levels left.
You didn't know any spells.
Your spell library was empty.

Dungeon Overview and Level Annotations

Branches:
Dungeon (1/1)

Altars:
Makhleb

Annotations:
D The Servant


Innate Abilities, Weirdness & Mutations

You have a pair of large antennae on your head. (SInv)
You are completely covered in rugged brown scales. (AC +3, +7% HP)
A powerful demonic guardian rushes to your aid.
You resist negative energy. (rN+)
You are somewhat able to resist unholy torments (1 in 2 success).
When hurt, damage is shared between your health and your magic reserves.
You regenerate magic rapidly.
When low on magic, you restore magic in place of health.
Your melee attacks may debilitate your foes.


Message History

The Servant burns you!!!
* * * LOW HITPOINT WARNING * * *
You hear a shout! x6
You feel much better.
You hear a shout! x3
The meat beast is engulfed in blazing flames.
The accursed is engulfed in blazing flames.
The accursed gestures at you while chanting.
Something smites you!
* * * LOW HITPOINT WARNING * * *
The tyrant is engulfed in blazing flames.
The tyrant misses you.
You hear a shout!
The meat berserker is engulfed in blazing flames.
You hear a shout! x2
The large abomination is engulfed in blazing flames.
The large abomination misses you.
The Servant is engulfed in blazing flames.
The Servant hits you from afar with a +9 glaive of flaming!!!!
You die...

.. .. ..# ## ###..
.... .. ......
....##.##......
...............
......#.#..§.§.
.....§XL☼M§...#
.....2O@○.§.§..
.....@☼☼☼.§§...
.......☼.☼..§..
.....x.).......
.#.......#..... .
#.......#.....
..###.......###...
......###........
.......O)))......


You could see an accursed, a meat beast (fast), a tyrant (fast), The Servant, a
large abomination (summoned), a meat berserker (berserk) and a crawling corpse.

Vanquished Creatures
  A hell beast (D)
  2 royal mummies (D)
  9 vampire knights (D)
  28 ogres (D)
  5 two-headed ogres (D)
  3 liches (D)
  A hydra (D)
  63 orcs (D)
  5 skeletal warriors (D)
  5 large abominations (D)
  9 small abominations (D)
  17 crawling corpses (D)
148 creatures vanquished.

Vanquished Creatures (others)
  3 crawling corpses (D)
3 creatures vanquished.

Grand Total: 151 creatures vanquished

Notes
Turn   | Place    | Note
-------+----------+-------------------------------------------
     0 | D        | Found the +∞ Axe of Woe
     0 | D        | theswoord the Demonspawn Gladiator began the quest for the
                  | Orb.
     0 | D        | Reached XP level 1. HP: 16/16 MP: 1/1
     0 | D        | Noticed a bag of meat
     2 | D        | Noticed a bag of meat
     4 | D        | Became a worshipper of Makhleb the Destroyer
     4 | D        | Noticed a bag of meat
     5 | D        | Killed a bag of meat
     5 | D        | Noticed a meat berserker
     5 | D        | Noticed a bag of meat
     6 | D        | Gained mutation: You have a pair of small antennae on your
                  | head. [demonic ancestry]
     6 | D        | Reached XP level 2. HP: 43/43 MP: 2/2
     6 | D        | Reached XP level 3. HP: 49/49 MP: 3/3
     6 | D        | Gained mutation: When hurt, damage is shared between your
                  | health and your magic reserves. [demonic ancestry]
     6 | D        | Reached XP level 4. HP: 56/56 MP: 4/4
     6 | D        | Gained mutation: You are partially covered in rugged brown
                  | scales. (AC +1, +3% HP) [demonic ancestry]
     6 | D        | Reached XP level 5. HP: 56/63 MP: 5/5
     6 | D        | Gained mutation: You have a pair of antennae on your head.
                  | [demonic ancestry]
     6 | D        | Reached XP level 6. HP: 63/71 MP: 6/6
     6 | D        | Reached XP level 7. HP: 68/77 MP: 7/7
     6 | D        | Reached XP level 8. HP: 74/84 MP: 8/8
     6 | D        | Gained mutation: A weak demonic guardian rushes to your
                  | aid. [demonic ancestry]
     6 | D        | Reached XP level 9. HP: 80/90 MP: 9/9
     6 | D        | Reached XP level 10. HP: 86/97 MP: 10/10
     6 | D        | Gained mutation: You have a pair of large antennae on your
                  | head. (SInv) [demonic ancestry]
     6 | D        | Reached XP level 11. HP: 92/104 MP: 11/11
     6 | D        | Noticed a meat berserker
     6 | D        | Noticed a bag of meat
     8 | D        | Noticed a bag of meat
     8 | D        | Noticed a meat berserker
     8 | D        | Noticed a bag of meat
     8 | D        | Noticed a meat berserker
     9 | D        | Killed a bag of meat
     9 | D        | Reached * piety under Makhleb
     9 | D        | Noticed a bag of meat
     9 | D        | Noticed a meat berserker
     9 | D        | Noticed a bag of meat
    10 | D        | Reached skill level 15 in Fighting
    10 | D        | Reached skill level 5 in Axes
    10 | D        | Reached skill level 5 in Armour
    10 | D        | Reached skill level 5 in Spellcasting
    10 | D        | Reached XP level 12. HP: 102/113 MP: 11/20
    10 | D        | Killed a meat berserker
    10 | D        | Noticed a meat berserker
    10 | D        | Noticed a meat berserker
    11 | D        | Reached skill level 15 in Throwing
    11 | D        | Reached skill level 15 in Dodging
    11 | D        | Reached skill level 15 in Unarmed Combat
    11 | D        | Gained mutation: You are mostly covered in rugged brown
                  | scales. (AC +2, +5% HP) [demonic ancestry]
    11 | D        | Reached XP level 13. HP: 12/126 MP: 1/26
    11 | D        | Reached XP level 14. HP: 13/134 MP: 1/27
    11 | D        | Killed a meat berserker
    11 | D        | Killed a meat berserker
    11 | D        | Reached ** piety under Makhleb
    11 | D        | Killed a meat berserker
    11 | D        | Noticed a bag of meat
    12 | D        | Reached skill level 15 in Stealth
    12 | D        | Gained mutation: You resist negative energy. (rN+) [demonic
                  | ancestry]
    12 | D        | Reached XP level 15. HP: 43/148 MP: 0/32
    12 | D        | Reached XP level 16. HP: 45/155 MP: 0/33
    12 | D        | Killed a meat berserker
    12 | D        | Reached *** piety under Makhleb
    13 | D        | Reached XP level 17. HP: 168/168 MP: 0/37
    13 | D        | Reached **** piety under Makhleb
    14 | D        | Gained mutation: You are completely covered in rugged brown
                  | scales. (AC +3, +7% HP) [demonic ancestry]
    14 | D        | Reached XP level 18. HP: 170/180 MP: 1/39
    14 | D        | Killed a meat berserker
    15 | D        | Gained mutation: You are somewhat able to resist unholy
                  | torments (1 in 2 success). [demonic ancestry]
    15 | D        | Reached XP level 19. HP: 190/190 MP: 1/41
    15 | D        | Killed a meat berserker
    15 | D        | Reached ***** piety under Makhleb
    19 | D        | Reached skill level 27 in Invocations
    19 | D        | Gained mutation: You regenerate magic rapidly. [demonic
                  | ancestry]
    19 | D        | Reached XP level 20. HP: 205/205 MP: 2/44
    21 | D        | Noticed a meat berserker
    21 | D        | Noticed a large bag of meat
    21 | D        | Noticed a meat berserker
    22 | D        | Noticed a meat berserker
    22 | D        | Noticed a meat berserker
    22 | D        | Noticed a meat berserker
    22 | D        | Noticed a destroyer
    24 | D        | Killed a meat berserker
    24 | D        | Noticed a meat berserker
    25 | D        | Gained mutation: Your melee attacks may debilitate your
                  | foes. [demonic ancestry]
    25 | D        | Reached XP level 21. HP: 217/217 MP: 5/47
    25 | D        | Noticed a destroyer
    26 | D        | Noticed a destroyer
    27 | D        | Reached skill level 27 in Fighting
    28 | D        | Killed a destroyer
    28 | D        | Reached ****** piety under Makhleb
    29 | D        | Reached skill level 27 in Axes
    29 | D        | Reached skill level 27 in Throwing
    29 | D        | Reached skill level 27 in Armour
    29 | D        | Reached skill level 27 in Dodging
    29 | D        | Reached skill level 27 in Stealth
    29 | D        | Reached skill level 27 in Unarmed Combat
    29 | D        | Reached skill level 27 in Spellcasting
    29 | D        | Gained mutation: When low on magic, you restore magic in
                  | place of health. [demonic ancestry]
    29 | D        | Reached XP level 22. HP: 226/226 MP: 7/53
    29 | D        | Noticed a large bag of meat
    29 | D        | Noticed a destroyer
    30 | D        | Killed a destroyer
    31 | D        | Reached XP level 23. HP: 234/234 MP: 8/54
    33 | D        | Killed a destroyer
    34 | D        | Gained mutation: A demonic guardian rushes to your aid.
                  | [demonic ancestry]
    34 | D        | Reached XP level 24. HP: 242/242 MP: 10/54
    35 | D        | Noticed a destroyer
    36 | D        | Killed a destroyer
    36 | D        | Noticed a destroyer
    37 | D        | Reached skill level 27 in Maces & Flails
    37 | D        | Reached skill level 27 in Polearms
    37 | D        | Reached skill level 27 in Slings
    37 | D        | Killed a destroyer
    38 | D        | Gained mutation: A powerful demonic guardian rushes to your
                  | aid. [demonic ancestry]
    38 | D        | Reached XP level 25. HP: 250/250 MP: 13/54
    38 | D        | Killed a destroyer
    39 | D        | Reached skill level 27 in Staves
    39 | D        | Reached skill level 27 in Long Blades
    39 | D        | Reached skill level 1 in Bows
    39 | D        | Reached skill level 1 in Crossbows
    39 | D        | Reached skill level 1 in Shields
    39 | D        | Reached skill level 1 in Conjurations
    39 | D        | Reached skill level 1 in Hexes
    39 | D        | Reached skill level 1 in Summonings
    39 | D        | Reached skill level 1 in Necromancy
    39 | D        | Reached skill level 1 in Transmutations
    39 | D        | Reached skill level 1 in Fire Magic
    39 | D        | Reached skill level 1 in Ice Magic
    39 | D        | Reached skill level 1 in Air Magic
    39 | D        | Reached skill level 1 in Earth Magic
    39 | D        | Reached skill level 1 in Poison Magic
    39 | D        | Reached skill level 1 in Evocations
    40 | D        | Reached XP level 26. HP: 258/258 MP: 14/54
    41 | D        | Reached skill level 5 in Bows
    41 | D        | Reached skill level 5 in Crossbows
    41 | D        | Reached skill level 5 in Shields
    41 | D        | Reached skill level 5 in Conjurations
    41 | D        | Reached skill level 5 in Hexes
    41 | D        | Reached skill level 5 in Summonings
    41 | D        | Reached skill level 5 in Translocations
    41 | D        | Reached skill level 5 in Transmutations
    41 | D        | Reached skill level 5 in Fire Magic
    41 | D        | Reached skill level 5 in Ice Magic
    41 | D        | Reached skill level 5 in Air Magic
    41 | D        | Reached skill level 5 in Earth Magic
    41 | D        | Reached skill level 5 in Poison Magic
    41 | D        | Reached skill level 5 in Evocations
    42 | D        | Noticed a large bag of meat
    42 | D        | Noticed a destroyer
    42 | D        | Noticed a destroyer
    42 | D        | Noticed a large bag of meat
    42 | D        | Noticed a destroyer
    42 | D        | Noticed a large bag of meat
    43 | D        | Killed a destroyer
    44 | D        | Reached skill level 10 in Bows
    44 | D        | Reached skill level 10 in Crossbows
    44 | D        | Reached skill level 10 in Shields
    44 | D        | Reached skill level 10 in Conjurations
    44 | D        | Reached skill level 10 in Hexes
    44 | D        | Reached skill level 10 in Summonings
    44 | D        | Reached skill level 10 in Translocations
    44 | D        | Reached skill level 10 in Transmutations
    44 | D        | Reached skill level 10 in Air Magic
    44 | D        | Reached skill level 10 in Poison Magic
    44 | D        | Reached skill level 10 in Evocations
    46 | D        | Noticed an accursed
    46 | D        | Noticed an accursed
    47 | D        | Killed a destroyer
    48 | D        | Reached XP level 27. HP: 256/266 MP: 19/54
    49 | D        | Reached skill level 15 in Bows
    49 | D        | Reached skill level 15 in Shields
    51 | D        | Noticed a tyrant
    51 | D        | Killed a destroyer
    51 | D        | Killed a large bag of meat
    52 | D        | Killed a large bag of meat
    52 | D        | Noticed a tyrant
    53 | D        | Noticed a tyrant
    55 | D        | Noticed an accursed
    56 | D        | Noticed a tyrant
    58 | D        | Reached skill level 27 in Necromancy
    58 | D        | Killed a large bag of meat
    58 | D        | Noticed The Servant
    60 | D        | Reached skill level 27 in Conjurations
    60 | D        | Reached skill level 27 in Hexes
    60 | D        | Reached skill level 27 in Summonings
    60 | D        | Reached skill level 27 in Poison Magic
    60 | D        | Reached skill level 27 in Evocations
    60 | D        | Killed a tyrant
    62 | D        | Reached skill level 27 in Bows
    62 | D        | Reached skill level 27 in Crossbows
    62 | D        | Reached skill level 27 in Shields
    62 | D        | Reached skill level 27 in Translocations
    62 | D        | Reached skill level 27 in Transmutations
    62 | D        | Reached skill level 27 in Fire Magic
    62 | D        | Reached skill level 27 in Ice Magic
    62 | D        | Reached skill level 27 in Air Magic
    62 | D        | Reached skill level 27 in Earth Magic
    62 | D        | Killed a large bag of meat
    62 | D        | Killed a large bag of meat
    63 | D        | Reached skill level 27 in Short Blades
    63 | D        | Killed an accursed
    64 | D        | Killed an accursed
    64 | D        | Noticed a meat beast
    65 | D        | Killed a tyrant
    66 | D        | Noticed a meat beast
    67 | D        | Killed a tyrant
    69 | D        | Killed a meat beast
    70 | D        | Annihilated by The Servant

Skill      XL: |  1  2  3  4  5  6  7  8  9 10 11 12 13 14 15 16 17 18 19 20 21 22 23 24 25 26 27 |
---------------+----------------------------------------------------------------------------------+-----
Fighting       | 14 15 17 19 21 22 23 25 26 27 | 27.0
Throwing       | 13 14 15 18 20 21 23 25 27 | 27.0
Dodging        | 13 14 15 18 20 21 22 23 25 27 | 27.0
Unarmed Combat | 13 14 15 18 20 21 22 23 25 27 | 27.0
Axes           | 5 9 14 16 17 18 20 22 27 | 27.0
Armour         | 5 9 13 16 17 18 20 22 27 | 27.0
Stealth        | 6 9 15 17 18 20 22 24 27 | 27.0
Spellcasting   | 5 9 13 16 17 18 20 22 27 | 27.0
Invocations    | 8 12 18 22 23 24 27 | 27.0
Maces & Flails | 7 17 24 27 | 27.0
Polearms       | 7 17 24 27 | 27.0
Slings         | 7 17 24 27 | 27.0
Staves         | 26 27 | 27.0
Long Blades    | 27 | 27.0
Bows           | 3 12 27 | 27.0
Crossbows      | 3 12 27 | 27.0
Shields        | 3 12 27 | 27.0
Conjurations   | 4 13 27 | 27.0
Hexes          | 4 13 27 | 27.0
Summonings     | 4 13 27 | 27.0
Necromancy     | 4 14 27 | 27.0
Transmutations | 3 12 27 | 27.0
Fire Magic     | 3 12 27 | 27.0
Ice Magic      | 3 12 27 | 27.0
Air Magic      | 3 12 27 | 27.0
Earth Magic    | 3 12 27 | 27.0
Poison Magic   | 4 13 27 | 27.0
Evocations     | 3 13 27 | 27.0
Translocations | 3 12 27 | 27.0
Short Blades   | 27 | 27.0

Action                   |  1- 3 |  4- 6 |  7- 9 | 10-12 | 13-15 | 16-18 | 19-21 | 22-24 | 25-27 || total
-------------------------+-------+-------+-------+-------+-------+-------+-------+-------+-------++-------
Melee: Executioner's axe |     1 |       |       |     2 |     1 |     3 |     9 |     8 |    29 ||    53
Invok: Greater Servant o |       |       |       |       |       |       |     1 |       |       ||     1
  Use: Scroll            |       |       |       |       |       |       |       |       |     1 ||     1
       Potion            |       |       |       |       |       |       |       |       |     1 ||     1
Armor: Leather armour    |       |       |       |       |       |       |       |       |     1 ||     1
Dodge: Dodged            |       |       |       |       |     1 |     1 |       |       |     3 ||     5

Levels and vault maps discovered:
D:        meatsprint
